 Dungeon Crawl Stone Soup version 0.20-a0-876-g2c7b0bf (webtiles) character file.

12730 krabocopter the Fighter (level 12, -1/88 HPs)
             Began as a Halfling Skald on Mar 15, 2017.
             Was a Believer of Ashenzari.
             Slain by a white ugly thing (31 damage)
             ... on level 11 of the Dungeon.
             The game lasted 00:54:11 (16757 turns).

krabocopter the Fighter (Halfling Skald)           Turns: 16757, Time: 00:54:12

Health: -1/88      AC:  8    Str: 13    XL:     12   Next: 23%
Magic:  14/14      EV: 21    Int: 11    God:    Ashenzari [**....]
Gold:   632        SH:  0    Dex: 18    Spells: 4/14 levels left

rFire    . . .     SeeInvis .   j - +3 falchion (flame) (curse)
rCold    . . .     Gourm    +   y - +0 steam dragon scales
rNeg     . . .     Faith    .   (shield restricted)
rPois    +         Spirit   .   (no helmet)
rElec    .         Reflect  .   g - +2 cloak {rPois} (curse)
rCorr    .         Harm     .   (no gloves)
MR       +....                  (no boots)
Stlth    ++........             h - amulet of the gourmand
Regen    0.3/turn               k - ring of protection from magic
MPRegen  0.2/turn               r - ring of poison resistance

@: no status effects
A: mutation resistance 1
a: Curse Item, Scrying, Renounce Religion


You were on level 11 of the Dungeon.
You worshipped Ashenzari.
Ashenzari was pleased with you.
You were completely stuffed.

You visited 3 branches of the dungeon, and saw 13 of its levels.
You also visited: Sewer and Ossuary.

You collected 632 gold pieces.

Inventory:

Hand Weapons
 j - a cursed +3 falchion of flaming (weapon)
Armour
 g - a cursed +2 cloak of poison resistance (worn)
 q - a +1 leather armour of cold resistance
 u - the cursed +0 pair of gloves of the Bagpipe {MR+ MP+9 Int-5}
   (You acquired it on level 11 of the Dungeon)

   It affects your intelligence (-5).
   It affects your resistance to hostile enchantments.
   It affects your magic capacity (+9).
   It has a curse placed upon it.
 y - +0 steam dragon scales (worn)
Jewellery
 h - an amulet of the gourmand (around neck)
 k - a ring of protection from magic (right hand)
 r - a ring of poison resistance (left hand)
 A - an uncursed ring of flight
 I - an uncursed ring of fire
Wands
 o - a wand of iceblast (4/15)
 s - a wand of digging (11/24)
 H - a wand of enslavement (14/24)
 O - a wand of paralysis (17/24)
Scrolls
 b - 2 scrolls of teleportation
 m - 4 scrolls of identify
 x - a scroll of magic mapping
 z - a scroll of brand weapon
 B - a scroll of blinking
 C - 2 scrolls of fog
 F - 2 scrolls of immolation
 L - 3 scrolls of recharging
 P - a scroll of fear
Potions
 a - 4 potions of curing
 i - a potion of magic {unknown}
 n - 3 potions of flight
 t - a potion of berserk rage
 v - a potion of lignification {unknown}
 w - a potion of might
 D - a potion of invisibility {unknown}
 E - a potion of degeneration {unknown}
 J - 2 potions of resistance
 M - 2 potions of haste
 N - 2 potions of cancellation
Books
 c - a book of Battle

   Spells                             Type                      Level
   a - Infusion                       Charms                       1
   b - Shroud of Golubria             Charms/Translocation         2
   c - Song of Slaying                Charms                       2
   d - Spectral Weapon                Hexes/Charms                 3
   e - Regeneration                   Charms/Necromancy            3
 e - a book of Misfortune

   Spells                             Type                      Level
   a - Confusing Touch                Hexes                        1
   b - Confuse                        Hexes                        3
   c - Gell's Gravitas                Translocation                3
   d - Petrify                        Transmutation/Earth          4
   e - Metabolic Englaciation         Hexes/Ice                    5
   f - Yara's Violent Unravelling     Hexes/Transmutation          5
 G - a book of Air

   Spells                             Type                      Level
   a - Shock                          Conjuration/Air              1
   b - Swiftness                      Charms/Air                   2
   c - Static Discharge               Conjuration/Air              3
   d - Airstrike                      Air                          4
   e - Lightning Bolt                 Conjuration/Air              5
Miscellaneous
 l - a lamp of fire
 R - a fan of gales
Comestibles
 d - 7 bread rations
 f - 6 meat rations
 p - 11 royal jellies
 K - 3 fruits
 Q - 3 chunks of flesh


   Skills:
 + Level 10.5 Fighting
   Level 2.4(4.9) Short Blades
 - Level 5.5(7.9) Long Blades
 - Level 1.1 Armour
 + Level 8.6 Dodging
 - Level 1.5 Spellcasting
 + Level 6.2 Hexes
 + Level 9.0 Charms
 - Level 3.9 Necromancy


You had 4 spell levels left.
You knew the following spells:

 Your Spells              Type           Power        Failure   Level  Hunger
a - Infusion              Chrm           ###.         1%          1    ##.....
b - Spectral Weapon       Hex/Chrm       ###.....     4%          3    ####...
c - Confuse               Hex            ##......     10%         3    ####...
d - Regeneration          Chrm/Necr      ###.......   10%         3    ####...


Dungeon Overview and Level Annotations

Branches:
Dungeon (11/15)            Temple (1/1) D:7            Lair (1/6) D:10
    Orc: D:9-12

Altars:
Ashenzari
Cheibriados
Dithmenos
Elyvilon
Fedhas
Gozag
Hepliaklqana
Kikubaaqudgha
Makhleb
Nemelex Xobeh
Okawaru
Qazlal
Ru
Sif Muna
Trog
Uskayaw
Vehumet
Xom
Yredelemnul
Zin
The Shining One

Shops:
D:9 *   D:10 }


Innate Abilities, Weirdness & Mutations

You are small and have problems with some larger weapons.
You are somewhat resistant to further mutation.


Message History

The white ugly thing barely misses you.
You hit the white ugly thing. You burn the white ugly thing.
The white ugly thing completely misses you.
You hit the white ugly thing. You burn the white ugly thing.
The white ugly thing tail-slaps you! The white ugly thing freezes you!!
You take 31 damage, and have 57/88 hp.
MASSIVE DAMAGE!!
You hit the white ugly thing. You burn the white ugly thing.
The white ugly thing completely misses you.
You riposte.
You hit the white ugly thing but do no damage.
You hit the white ugly thing but do no damage.
You closely miss the white ugly thing. The white ugly thing tail-slaps you!
The white ugly thing freezes you!
Some of the chunks of flesh in your inventory have rotted away.
You take 26 damage, and have 31/88 hp.
MASSIVE DAMAGE!!
You hit the white ugly thing. You burn the white ugly thing.
The white ugly thing misses you.
You riposte.
You closely miss the white ugly thing. The white ugly thing tail-slaps you.
The white ugly thing freezes you!!
You die...

...#....####.....# ######
####....#..####'## #...)#
........#....(...# #....#
........#........# #....#
........#........# ###'##
........#.......##########....#
#.##....#.......#.............#
...#....#......u#.............#
...#....#.......@.........#...#
...#....####....#.........#...#
...######.##....#.........#...#
...#............#.........#####
...#............#.........#
...#............#.........#
...##############.........#
...#......................#
<..#......................#


You could see a white ugly thing.

Vanquished Creatures
  A hydra (D:11)
  A two-headed ogre (D:8)
  The ghost of Goblin1989 the Carver, a novice BaFi (D:6)
  A spiny frog (Lair:1)
  A troll (D:10)
  A merfolk (D:11)
  A hornet (D:10)
  Grinder (D:4)
  2 hippogriffs
  A wraith (D:10)
  A spriggan (D:10)
  A wyvern (D:9)
  A human (D:11)
  4 vampire mosquitoes (D:10)
  A steam dragon (D:9)
  2 hungry ghosts
  Duvessa (D:4)
  2 water moccasins
  7 sky beasts
  5 ice beasts
  4 orc warriors
  A black bear (D:5)
  5 phantoms
  A necrophage (D:10)
  5 ogres
  2 centaurs (D:5)
  3 crocodiles
  Blork the orc (D:4)
  7 bullfrogs
  A big kobold (Sewer)
  A wyvern zombie (D:6)
  Dowan (D:4)
  5 water moccasin zombies (Ossuary)
  3 wyvern skeletons
  4 scorpions
  15 killer bees
  6 howler monkeys
  6 wights
  2 centaur zombies
  6 crimson imps
  A bullfrog skeleton (D:6)
  12 hounds
  2 jellies
  A gnoll shaman (D:6)
  7 orc priests
  14 orc wizards
  Natasha (thrice) (D:4)
  4 iguanas
  11 worker ants
  Terence (D:3)
  2 killer bee zombies
  4 big kobold zombies (Ossuary)
  A hound zombie (D:7)
  A hound skeleton (D:4)
  2 mummies (Ossuary)
  9 gnolls
  13 adders
  2 river rats (Sewer)
  2 shadow imps
  An ooze (D:4)
  2 adder skeletons
  8 adder zombies
  2 worms
  A dart slug (D:1)
  5 leopard geckos
  41 orcs
  5 ball pythons
  6 giant cockroaches
  A gnoll zombie (Ossuary)
  12 goblins
  3 hobgoblins
  12 jackals
  4 quokkas
  A ball python skeleton (D:5)
  7 bats
  4 frilled lizards
  4 hobgoblin zombies (Ossuary)
  3 jackal skeletons (D:4)
  12 kobolds
  6 kobold zombies (Ossuary)
  7 orc zombies (Ossuary)
  A quokka skeleton (D:9)
  12 rats
367 creatures vanquished.

Vanquished Creatures (others)
  2 spectral weapons
2 creatures vanquished.

Grand Total: 369 creatures vanquished

Notes
Turn   | Place    | Note
-------+----------+-------------------------------------------
     0 | D:1      | krabocopter the Halfling Skald began the quest for the Orb.
     0 | D:1      | Reached XP level 1. HP: 14/14 MP: 3/3
    87 | D:1      | Reached skill level 2 in Fighting
   122 | D:1      | Reached XP level 2. HP: 20/20 MP: 0/4
   340 | D:1      | Found an iron altar of Okawaru.
   376 | D:1      | Reached XP level 3. HP: 19/25 MP: 5/5
  1254 | D:2      | Reached skill level 1 in Long Blades
  1309 | D:2      | Reached XP level 4. HP: 15/30 MP: 6/6
  1311 | D:2      | Reached skill level 3 in Fighting
  1667 | D:2      | HP: 1/31 [worm (9)]
  2624 | D:3      | Reached XP level 5. HP: 16/36 MP: 7/7
  3040 | D:3      | Noticed Terence
  3045 | D:3      | Killed Terence
  3510 | D:4      | Noticed Grinder
  3510 | D:4      | Paralysed by Grinder for 5 turns
  3540 | D:4      | Killed Grinder
  3540 | D:4      | Reached skill level 4 in Fighting
  3540 | D:4      | Reached XP level 6. HP: 12/44 MP: 2/8
  3679 | D:4      | Reached XP level 7. HP: 36/49 MP: 9/9
  3865 | D:4      | Reached skill level 5 in Fighting
  3865 | D:4      | Reached skill level 5 in Charms
  3885 | D:4      | Noticed Natasha
  3897 | D:4      | Killed Natasha
  3960 | D:4      | Noticed Blork the orc
  3962 | D:4      | Noticed Duvessa
  3962 | D:4      | Noticed Dowan
  3969 | D:4      | Killed Blork the orc
  3980 | D:4      | Killed Duvessa
  3990 | D:4      | Killed Dowan
  3990 | D:4      | Reached XP level 8. HP: 20/57 MP: 1/10
  4119 | D:4      | Noticed Natasha
  4130 | D:4      | Killed Natasha
  4248 | D:4      | Noticed Natasha
  4250 | D:4      | Killed Natasha
  4638 | D:5      | Entered Level 5 of the Dungeon
  4744 | D:5      | Reached skill level 6 in Fighting
  4996 | D:5      | Found a white marble altar of Elyvilon.
  5658 | D:5      | Reached skill level 7 in Fighting
  5862 | D:6      | Reached XP level 9. HP: 32/64 MP: 8/11
  5978 | D:6      | Noticed Goblin1989's ghost (novice BaFi)
  6019 | D:6      | Reached skill level 5 in Dodging
  6067 | D:6      | Found a glowing drain.
  6117 | Sewer    | Entered a sewer
  6305 | Sewer    | Found a glowing silver altar of Zin.
  6379 | D:6      | Found a sand-covered staircase.
  6395 | Ossuary  | Entered an ossuary
  6694 | Ossuary  | Reached skill level 8 in Fighting
  7517 | D:6      | Learned a level 3 spell: Spectral Weapon
  7572 | D:6      | Killed Goblin1989's ghost
  7572 | D:6      | Reached skill level 1 in Hexes
  7572 | D:6      | Reached XP level 10. HP: 40/73 MP: 9/12
  8216 | D:7      | Reached skill level 9 in Fighting
  8230 | D:7      | Found a staircase to the Ecumenical Temple.
  8256 | Temple   | Entered the Ecumenical Temple
  8343 | Temple   | Became a worshipper of Ashenzari the Shackled
  9678 | D:8      | Reached skill level 5 in Long Blades
  9744 | D:8      | Learned a level 3 spell: Confuse
  9748 | D:8      | Learned a level 3 spell: Regeneration
  9947 | D:8      | Reached skill level 10 in Fighting
 10037 | D:8      | Noticed a two-headed ogre
 10055 | D:8      | HP: 1/76 [two-headed ogre/great mace (4)]
 10057 | D:8      | Killed a two-headed ogre
 10536 | D:8      | Reached * piety under Ashenzari
 10649 | D:8      | Reached XP level 11. HP: 15/81 MP: 1/13
 11173 | D:9      | Reached skill level 1 in Necromancy
 11260 | D:9      | Found Virepiw's General Store.
 11296 | D:9      | Found a burning altar of Makhleb.
 12159 | D:10     | Entered Level 10 of the Dungeon
 12445 | D:10     | Found Visulyr's Gadget Shoppe.
 12742 | D:10     | Reached skill level 5 in Hexes
 13166 | D:10     | HP: 4/81 [troll (6)]
 13833 | D:10     | Found a staircase to the Lair.
 13915 | Lair:1   | Entered Level 1 of the Lair of Beasts
 14313 | D:10     | HP: 3/81 [vampire mosquito (6)]
 14953 | D:11     | Noticed a four-headed hydra
 15797 | D:11     | Reached XP level 12. HP: 87/87 MP: 14/14
 15825 | D:11     | Identified 2 scrolls of acquirement
 15834 | D:11     | Got the cursed pair of gloves of the Bagpipe {MR+ MP+9 Int-5}
 16030 | D:11     | Killed a one-headed hydra
 16154 | D:11     | Reached ** piety under Ashenzari
 16757 | D:11     | Slain by a white ugly thing

Vault maps used:
D:1:      onia_arrival_pyramid, okawaru_ov_weapons_minmay
D:2:      first_bread
D:3:      uniq_terence
D:4:      uniq_natasha, uniq_duvessa, uniq_blork_the_orc, uniq_grinder
D:5:      nicolae_overflow_hidden_temple, kennysheep_generic_room_3
D:6:      gup_sewer_entry_bowl, enter_ossuary_3
D:7:      minmay_temple_entry_grid
D:9:      serial_shops, shop_statue, kennysheep_minor_cross,
          makhleb_heckhound_becter
D:10:     lair_entry_dummy, serial_shops, shop
D:11:     lightli_bailey_entry_fortress, hangedman_stone_soup
Temple:   regret_index_temple_sigil_plot
Lair:1:   portal_ice_cave_entry_pillars_1, uniq_fannar
Sewer:    sewer_kobolds
Ossuary:  ossuary_tomb_2

Skill      XL: |  1  2  3  4  5  6  7  8  9 10 11 12 |
---------------+-------------------------------------+-----
Fighting       | 2 3 4 5 7 8 10 | 10.5
Long Blades    | 1 2 3 5 |  5.5
Charms         | 4 5 6 7 8 9 |  9.0
Dodging        | 3 4 5 6 8 |  8.6
Hexes          | 1 3 5 6 |  6.2
Necromancy     | 3 |  3.9
Short Blades   | |  2.4
Armour         | |  1.1
Spellcasting   | |  1.5

Action                   |  1- 3 |  4- 6 |  7- 9 | 10-12 || total
-------------------------+-------+-------+-------+-------++-------
Melee: Short sword       |    20 |       |       |       ||    20
       Falchion          |    36 |   128 |   433 |   939 ||  1536
 Cast: Infusion          |     1 |     2 |     4 |    26 ||    33
       Spectral Weapon   |       |       |     1 |     3 ||     4
       Regeneration      |       |       |       |     6 ||     6
Invok: Curse Item        |       |       |       |     2 ||     2
Evoke: Wand              |       |       |       |     2 ||     2
  Use: Potion            |       |       |     5 |     5 ||    10
       Scroll            |       |       |    12 |    10 ||    22
 Stab: Sleeping          |       |       |     1 |     2 ||     3
       Distracted        |       |       |       |     1 ||     1
  Eat: Chunk             |     1 |    17 |    11 |    47 ||    76
Armor: Leather armour    |    18 |    28 |    77 |    61 ||   184
       Steam dragon scal |       |       |       |   121 ||   121
Dodge: Dodged            |    37 |   108 |   321 |   860 ||  1326
       Rpst.: Falchion   |     8 |    39 |    98 |   245 ||   390
